AoeStats
← BN27

Arena

510716230Analyzed
4v4 RM · 22h ago on Oct 2, 2026· 34m 1s· 8 players
Game mode
Random Map
Map size
Large (8 player)
Population
200
Speed
Normal
Resources
Standard
Victory
Conquest
Starting age
Dark Age
Ending age
Imperial Age
RankedLock teamsTeams togetherTeam positionsShared explorationLock speedFull tech treeHidden civsTurbo modeCheats
Victory
Defeat
🇳🇱 Britons · Netherlands
1439
+13
🇩🇪 Danes · Germany
1416
+14
🇩🇪 Malay · Germany
1357
+16
🇨🇭 Poles · Switzerland
1330
+16
🇹🇼 Mongols · Taiwan
1385
-16
🇮🇳 Inca · India
1362
-15
🇨🇳 Huns · China
1350
-14
🇦🇷 Cumans · Argentina
1346
-14
twitch.tv/TheSeniorSmurf
9:52 Feudal Age
13:43 Castle Age
11:59 Double-Bit Axe
12:18 Horse Collar
20:13 Bow Saw
20:18 Heavy Plow
21:04 Gold Mining
23:50 Wheelbarrow
23:01 Loom
23:21 Champi Runner
24:03 Scale Mail Armor
24:37 Squires
27:45 Imperial Age
25:23 Champi Warrior
26:03 Squires
27:44 Gold Shaft Mining
28:27 Chain Mail Armor
28:22 Forging
27:50 Capped Ram
29:13 Siege Ram
29:42 Elite Champi Warrior
32:16 Plate Mail Armor
32:21 Iron Casting
33:58 Siege Engineers
thomas89671173
10:52 Feudal Age
11:52 Double-Bit Axe
11:49 Horse Collar
14:30 Castle Age
15:22 Bow Saw
16:16 Wheelbarrow
20:07 Heavy Plow
21:28 Fletching
22:16 Loom
烤乳猪
10:34 Feudal Age
14:33 Castle Age
12:52 Double-Bit Axe
13:21 Fletching
15:08 Bodkin Arrow
17:53 Gold Mining
21:46 Horse Collar
22:18 Bow Saw
26:06 Wheelbarrow
26:30 Heavy Plow
27:33 Loom
32:10 Imperial Age
779567130
9:22 Feudal Age
10:04 Double-Bit Axe
10:58 Horse Collar
21:46 Castle Age
20:08 Loom
21:25 Wheelbarrow
20:36 Town Watch
21:00 Scale Barding Armor
21:31 Forging
22:29 Gold Mining
23:02 Chain Barding Armor
23:18 Iron Casting
23:11 Bow Saw
23:23 Bloodlines
23:29 Capped Ram
28:52 Heavy Plow
ImOneWithTheTree
10:50 Feudal Age
14:58 Castle Age
13:12 Double-Bit Axe
13:20 Horse Collar
19:58 Szlachta Privileges
21:15 Loom
22:09 Scale Barding Armor
22:06 Town Watch
22:43 Forging
23:01 Bloodlines
23:35 Husbandry
25:24 Chain Barding Armor
25:56 Bow Saw
26:29 Iron Casting
26:39 Heavy Plow
30:00 Wheelbarrow
33:36 Gold Mining
33:37 Stone Mining
36:41 Imperial Age
Sneeuwgans
10:32 Feudal Age
14:29 Castle Age
12:39 Double-Bit Axe
12:38 Horse Collar
13:30 Double-Bit Axe
13:53 Loom
15:35 Bow Saw
21:47 Fletching
22:04 Gold Mining
23:16 Wheelbarrow
24:00 Town Watch
24:56 Stone Mining
25:48 Heavy Plow
26:34 Bodkin Arrow
27:53 Hand Cart
28:02 Ballistics
31:16 Imperial Age
29:09 Padded Archer Armor
29:34 Treadmill Crane
31:06 Yeomen
31:40 Leather Archer Armor
31:37 Masonry
32:26 Gold Shaft Mining
32:01 Bracer
32:38 Conscription
33:00 Leather Archer Armor
33:52 Chemistry
34:34 Ring Archer Armor
BN27
4:56 Loom
10:38 Feudal Age
14:35 Castle Age
12:39 Horse Collar
12:53 Double-Bit Axe
16:02 Bow Saw
19:22 Wheelbarrow
18:52 Heavy Plow
19:40 Fervor
26:53 Imperial Age
24:38 Masonry
24:50 Scale Mail Armor
24:56 Town Watch
25:33 Careening
25:20 Murder Holes
25:35 Careening
25:41 Gold Mining
25:42 Stone Mining
26:00 Fletching
26:49 Bodkin Arrow
26:48 Hamask
27:58 Squires
27:45 Arson
28:31 Conscription
29:37 Bracer
30:41 Chemistry
30:43 Chain Mail Armor
31:29 Forging
33:02 Plate Mail Armor
33:20 Gold Shaft Mining
34:22 Iron Casting
34:22 Hand Cart
Lynx
11:44 Feudal Age
15:19 Castle Age
13:47 Double-Bit Axe
13:52 Horse Collar
21:01 Forging
23:58 Loom
30:30 Wheelbarrow
32:42 Gold Mining
32:43 Stone Mining
35:39 Imperial Age
Connection lost

Rejoining the realm…

Still unreachable

The connection could not be restored.

Session expired

The server has moved on; the page needs a fresh start.